 Dungeon Crawl Stone Soup version 0.31.0-4-g52a2dc7128 (console) character file.

Game seed: 6440976926071194488

37 AlterAsc the Insei (level 3, 0/34 HPs)
             Began as an Octopode Shapeshifter on Jan 24, 2024.
             Succumbed to a goblin's poison
             ... on level 2 of the Dungeon.
             The game lasted 00:02:46 (1150 turns).

AlterAsc the Insei (Octopode Shapeshifter)          Turns: 1150, Time: 00:02:46

Health: 0/34       AC: 21    Str: 13    XL:     3   Next: 41%
Magic:  3/3        EV:  2    Int: 12    God:
Gold:   75         SH:  0    Dex: 13    Spells: 2/2 levels left

rFire   . .          .
                       - Unarmed
rCold   . . .        (no shield)
rNeg    . . .        (helmet currently unavailable)
rPois   +            (no amulet)
rElec   .            (no ring)
rCorr   .            (no ring)
SInv    .            (no ring)
Will    .....        (no ring)
Stlth   +            (no ring)
HPRegen 0.25/turn    (no ring)
MPRegen 0.08/turn    (no ring)
                     (no ring)

%: no passive effects
@: lethally poisoned (0 -> -15), tree-form
A: stationary, stasis, torment immunity, boosted hp, almost no armour,
(amphibious), 8 rings, (camouflage 1), (gelatinous body 1), (nimble swimmer 1),
(tentacles)
a: no special abilities


You were on level 2 of the Dungeon.
You were a tree.
You visited 1 branch of the dungeon, and saw 2 of its levels.

You collected 75 gold pieces.

Inventory:

Missiles
 d - 48 stones (quivered)
Talismans
 b - a beast talisman
 c - a flux talisman
Scrolls
 e - 2 scrolls of fear {unknown}
 f - 2 scrolls of enchant armour {unknown}
 g - 3 scrolls of identify {unknown}
 h - a scroll of brand weapon {unknown}
 j - a scroll of revelation {unknown}
 k - a scroll of vulnerability {unknown}
 l - a scroll of immolation {unknown}
Potions
 i - a potion of heal wounds {unknown}
 m - a potion of mutation {unknown}


   Skills:
 - Level 1.0 Fighting
 - Level 2.0 Dodging
 + Level 4.4 Unarmed Combat
 - Level 3.0 Shapeshifting


You had 2 spell levels left.
You didn't know any spells.
Your spell library contained the following spells:

 Spells                   Type           Power      Damage    Failure   Level
 Sting                    Conj/Alch      0%         1d3       32%         1
 Mercury Vapours          Alch/Air       0%         N/A       45%         2
 Olgreb's Toxic Radiance  Alch           0%         N/A       97%         4


Dungeon Overview and Level Annotations

Branches:
Dungeon (2/15)

Altars:

Shops:
D:1 =


Innate Abilities, Weirdness & Mutations

You are a tree.
Your roots penetrate the ground, keeping you stationary.
You cannot be teleported.
You are immune to unholy pain and torment.
Your maximum health is greatly increased.
You cannot wear most types of armour.
((You are amphibious.))
You can wear up to eight rings at the same time.
((Your skin changes colour to match your surroundings (Stealth+).))
((Your rubbery body absorbs attacks. (AC +1, EV +1)))
((You are camouflaged when in or above water. (Stealth+)))
((You have tentacles for arms and can constrict up to eight enemies at once.))


Message History

Aim: a rat (54% to hit)
You throw a stone. The stone closely misses the rat.
A frilled lizard comes into view.
A goblin comes into view. It is wielding a +2 dagger of venom.
Throw: 49 stones
Press: ? - help, Q - select action Shift-Dir - straight line, f/p - rat
Aim: a rat (54% to hit)
You throw a stone. The frilled lizard hisses angrily.
The goblin shouts!
The stone hits the bat.
You kill the bat!
A goblin comes into view. It is wielding a +0 club.
You tentacle-slap the rat.
You kill the rat!
The goblin hits you with a +2 dagger of venom.
You are poisoned.
The frilled lizard barely misses you.
You bludgeon the frilled lizard!
You kill the frilled lizard!
You feel sick.
The goblin hits you with a +2 dagger of venom.
You completely miss the goblin. Your grab misses the goblin.
You feel sick.
The goblin hits you with a +2 dagger of venom.
You are lethally poisoned!
You feel very sick. The goblin attacks as it pursues you!
The goblin hits you with a +2 dagger of venom.
You are more poisoned.
The goblin attacks as it pursues you! The goblin hits you with a +0 club.
* * * LOW HITPOINT WARNING * * *
Really quaff the potion of lignification?
Your transformation has ended.
You turn into a tree.
Your roots penetrate the ground.
* * * LOW HITPOINT WARNING * * *
You feel very sick. The goblin hits you but does no damage.
You hit the goblin.
The goblin is heavily wounded.
You die...

###.....∩.⌠.# +.........#
# #......_).# #.........#
#.........#
#.........########
###'#####........#
#####'### #........#
...#....# #........#
...#....# #......†.####..
...#....###.....♣g†......
.........##......g.......
.........##......†.......
.........##..............
..#......##..............
..#......+...............
..#......######.###......
..#......# #. ......
..'......# .. ......
..#......# #####...##


You could see 2 goblins.

Vanquished Creatures
  An adder (D:2)
  A dart slug (D:1)
  A ribbon worm (D:2)
  3 endoplasms
  A giant cockroach (D:1)
  2 goblins (D:1)
  3 hobgoblins
  A quokka (D:2)
  2 ball pythons (D:2)
  2 bats
  3 frilled lizards
  3 kobolds
  2 rats
25 creatures vanquished.

Notes
Turn   | Place    | Note
-------+----------+-------------------------------------------
     0 | D:1      | AlterAsc the Octopode Shapeshifter began the quest for the
                  | Orb.
     0 | D:1      | Reached XP level 1. HP: 13/13 MP: 1/1
   234 | D:1      | Reached XP level 2. HP: 18/18 MP: 2/2
   274 | D:1      | Found Zuluisi's One-of-a-Kind Rings.
   859 | D:2      | Reached skill level 4 in Unarmed Combat
   859 | D:2      | Reached XP level 3. HP: 23/23 MP: 3/3
  1052 | D:2      | Found a faded altar of an unknown god.
  1150 | D:2      | Succumbed to a goblin's poison

Illustrated notes

Levels and vault maps discovered:
D:1:      minmay_arrival_shattered_statue, layout_basic,
          nicolae_shop_unique_rings
D:2:      layout_basic, ebering_ecumenical_altar_abandoned, uniq_robin

Skill      XL: |  1  2 |
---------------+-------+-----
Unarmed Combat | 4 |  4.4
Fighting       | |  1.0
Dodging        | |  2.0
Shapeshifting  | |  3.0

Action                     || total
---------------------------++-------
  Melee: Unarmed           ||    42
         Constrict         ||    12
         Punch             ||     1
         Tentacles         ||     8
  Throw: Stone             ||     6
    Use: Potion            ||     1
   Stab: Sleeping          ||     3
 Armour: Skin              ||    21
  Dodge: Dodged            ||    13
